 Dungeon Crawl Stone Soup version 0.18.1-5-g4a78601 (webtiles) character file.

279 utilitatopbooker the Covered (level 6, -24/52 HPs)
             Began as a Minotaur Fighter on May 13, 2016.
             Killed from afar by Enish's ghost (31 damage)
             ... with an orb of energy
             ... on level 4 of the Dungeon.
             The game lasted 00:12:27 (2255 turns).

utilitatopbooker the Covered (Minotaur Fighter)     Turns: 2255, Time: 00:12:27

Health: -24/52     AC:  7    Str: 22    XL:     6   Next: 5%
Magic:  5/5        EV:  9    Int:  5    God:
Gold:   172        SH: 11    Dex: 10    Spells: 0 memorised, 5 levels left

rFire  + . .     SeeInvis .     a - +0 long sword
rCold  x . .     Gourm    .     b - +0 scale mail
rNeg   . . .     Faith    .     c - +1 shield
rPois  .         Spirit   .     (helmet restricted)
rElec  .         Dismiss  .     (no cloak)
rCorr  .         Reflect  .     (no gloves)
SustAt .         Harm     .     (no boots)
MR     .....                    (no amulet)
Stlth  ..........               (no ring)
                                g - ring of fire

@: not resistant to hostile enchantments, extremely unstealthy
A: retaliatory headbutt, horns 2
a: no special abilities


You were on level 4 of the Dungeon.
You were full.

You visited 1 branch of the dungeon, and saw 4 of its levels.

You collected 172 gold pieces.

Inventory:

Hand Weapons
 a - a +0 long sword (weapon)
Armour
 b - a +0 scale mail (worn)
 c - a +1 shield (worn)
Jewellery
 g - a ring of fire (left hand)
 m - an uncursed ring of teleportation
 q - a cursed -3 ring of strength
Wands
 r - a wand of enslavement (12/24)
Scrolls
 i - a scroll of enchant armour
 j - a scroll of remove curse
 l - a scroll of fear {unknown}
 n - a scroll of amnesia {unknown}
 p - a scroll of fog
Potions
 d - a potion of might
 e - a potion of lignification
 h - a potion of heal wounds {unknown}
 k - 3 potions of flight {unknown}
 o - a potion of invisibility {unknown}
Comestibles
 f - a meat ration


   Skills:
 + Level 4.2 Fighting
 + Level 3.2 Long Blades
 + Level 5.4 Armour
 + Level 2.9 Dodging
 + Level 0.1 Stealth
 + Level 5.2 Shields


You had 5 spell levels left.
You didn't know any spells.

Dungeon Overview and Level Annotations

Branches:
Dungeon (4/15)             Temple (0/1) D:4

Altars:

Annotations:
D:4 Enish's ghost, amateur VSCj


Innate Abilities, Weirdness & Mutations

You reflexively headbutt those who attack you in melee.
You have a pair of horns on your head.


Message History

Unknown command.
Unknown command.
Enish's ghost points at you and mumbles some strange words.
You block the orb of energy.
The orb of energy explodes!
Unknown command.
Unknown command.
Unknown command.
Enish's ghost casts a spell at you. The magic dart hits you!
Unknown command.
Unknown command.
Unknown command.
Unknown command.
Unknown command.
You closely miss Enish's ghost. You headbutt Enish's ghost.
Enish's ghost is moderately damaged.
Enish's ghost points at you and mumbles some strange words.
The orb of energy hits you!
Ouch! That really hurt!
You die...

#...........#.#
#..###...###.... #..
#.⌠.# #...
..###...### ##.
..........#
......#...+
#...#.##...#######.#
#...#. +........%..#
### #. #@W.#.###[#
#. #.....# ###$###
...# #####


You could see Enish's ghost.

Vanquished Creatures
  Sigmund (D:3)
  Ijyb (D:2)
  4 adders
  An ooze (D:1)
  A dart slug (D:2)
  5 giant geckos
  2 orcs (D:3)
  3 ball pythons
  4 bats
  3 giant cockroaches (D:1)
  3 goblins
  3 hobgoblins
  A quokka (D:4)
  2 giant newts (D:1)
  8 kobolds
  4 rats
46 creatures vanquished.

Notes
Turn   | Place    | Note
--------------------------------------------------------------
     0 | D:1      | utilitatopbooker the Minotaur Fighter began the quest for the Orb.
     0 | D:1      | Reached XP level 1. HP: 19/19 MP: 0/0
    89 | D:1      | Reached XP level 2. HP: 27/27 MP: 1/1
   466 | D:1      | Reached XP level 3. HP: 10/33 MP: 2/2
  1074 | D:1      | Reached skill level 1 in Dodging
  1234 | D:2      | Noticed Ijyb
  1283 | D:2      | Killed Ijyb
  1351 | D:2      | Reached XP level 4. HP: 31/40 MP: 3/3
  1653 | D:2      | Noticed Sigmund
  1668 | D:3      | Killed Sigmund
  1668 | D:3      | Reached skill level 5 in Armour
  1668 | D:3      | Reached skill level 5 in Shields
  1668 | D:3      | Reached XP level 5. HP: 21/46 MP: 4/4
  1777 | D:3      | Reached XP level 6. HP: 42/52 MP: 5/5
  2169 | D:4      | Found a staircase to the Ecumenical Temple.
  2222 | D:4      | Noticed Enish's ghost (amateur VSCj)
  2255 | D:4      | Killed from afar by Enish's ghost

Skill      XL: |  1  2  3  4 |
---------------+-------------+-----
Armour         | 4 5 |  5.4
Shields        | 4 5 |  5.2
Dodging        | 1 2 |  2.9
Fighting       | 4 |  4.2
Long Blades    | 3 |  3.2
Stealth        | |  0.1

Action                   |  1- 3 |  4- 6 || total
-------------------------+-------+-------++-------
Melee: Long sword        |    83 |    48 ||   131
       Headbutt          |     8 |    10 ||    18
  Use: Scroll            |     2 |     5 ||     7
  Eat: Bread ration      |     1 |     1 ||     2
Armor: Scale mail        |    63 |    14 ||    77
Dodge: Dodged            |    50 |    19 ||    69
Block: Shield            |    83 |    39 ||   122
